TOP OF THE 1ST |
University of Virginia Cavaliers batting - Pitching for Arizona State University Sun Devils : LHP Jamie Treminio
|
Pitching: LHP Jamie Treminio
|
|
Batting: RHB Scott Anderson
|
0-0: Foul Ball, location: 2F 0-1: Fly out, F5 (Popup, 56, EV 55.0 MPH)
|
Batting: LHB Edelberto Barbas
|
0-0: Foul Ball, location: 2F 0-1: Ground out U3 (Groundball, 34, EV 107.5 MPH)
|
Batting: LHB Alex Aguilar
|
0-0: Ball 1-0: Ball 2-0: Called Strike 2-1: Fly out, F7 (Flyball, 78D, EV 87.5 MPH)
|
Top of the 1st over - 0 runs, 0 hits, 0 errors, 0 left on base; University of Virginia 0 - Arizona State University 0 |
BOTTOM OF THE 1ST |
Arizona State University Sun Devils batting - Pitching for University of Virginia Cavaliers : RHP Jayden Currie
|
Pitching: RHP Jayden Currie
|
|
Batting: LHB Eric Russell
|
0-0: Ball 1-0: Swinging Strike 1-1: Ball 2-1: Swinging Strike 2-2: Strikes out swinging
|
Batting: RHB Rusty Gee
|
0-0: Foul Ball, location: 2F 0-1: Fly out, F8 (Flyball, 8LD, EV 94.4 MPH)
|
Batting: LHB Randy Marquez
|
0-0: Ball 1-0: Ground out 4-3 (Groundball, 4, EV 107.5 MPH)
|
Bottom of the 1st over - 0 runs, 0 hits, 0 errors, 0 left on base; University of Virginia 0 - Arizona State University 0 |
TOP OF THE 2ND |
University of Virginia Cavaliers batting - Pitching for Arizona State University Sun Devils : LHP Jamie Treminio
|
Batting: RHB Jose Velez
|
0-0: Foul Ball, location: 2F 0-1: Foul Ball, location: 2F 0-2: Ball 1-2: Ground out U3 (Groundball, 3L, EV 81.2 MPH)
|
Batting: RHB Luke Bertrand
|
0-0: Ball 1-0: Ground out 6-3 (Groundball, 6S, EV 71.9 MPH)
|
Batting: LHB Josh Glass
|
0-0: Swinging Strike 0-1: Called Strike 0-2: Ball 1-2: Hit by Pitch
|
Batting: RHB Nick Cech
|
0-0: Called Strike 0-1: Ball 1-1: Called Strike 1-2: SINGLE (Groundball, 56D, EV 94.4 MPH) Josh Glass to second
|
Batting: LHB Jason Chase
|
0-0: Foul Ball, location: 2F 0-1: Fly out, F9 (Flyball, 89D, EV 93.8 MPH)
|
Top of the 2nd over - 0 runs, 1 hit, 0 errors, 2 left on base; University of Virginia 0 - Arizona State University 0 |
BOTTOM OF THE 2ND |
Arizona State University Sun Devils batting - Pitching for University of Virginia Cavaliers : RHP Jayden Currie
|
Batting: SHB Manny Aponte
|
0-0: Foul Ball, location: 2F 0-1: Ball 1-1: Ball 2-1: Ball 3-1: Called Strike 3-2: Ground out 5-3 (Groundball, 56, EV 90.6 MPH)
|
Batting: RHB John Burgis
|
0-0: Ball 1-0: Ball 2-0: Called Strike 2-1: Ball 3-1: Foul Ball, location: 2F 3-2: Foul Ball, location: 2F 3-2: Foul Ball, location: 2F 3-2: Fly out, F9 (Flyball, 9D, EV 97.5 MPH)
|
Batting: LHB Dustin Gill
|
0-0: Ground out 5-3 (Groundball, 56, EV 87.5 MPH)
|
Bottom of the 2nd over - 0 runs, 0 hits, 0 errors, 0 left on base; University of Virginia 0 - Arizona State University 0 |
TOP OF THE 3RD |
University of Virginia Cavaliers batting - Pitching for Arizona State University Sun Devils : LHP Jamie Treminio
|
Batting: LHB Ray Nichter
|
0-0: Foul Ball, location: 2F 0-1: Called Strike 0-2: Ball 1-2: Foul Ball, location: 2F 1-2: Ball 2-2: Ground out U3 (Groundball, 3, EV 105.6 MPH)
|
Batting: RHB Scott Anderson
|
0-0: Swinging Strike 0-1: Ball 1-1: Ground out 1-3 (Groundball, P, EV 72.5 MPH)
|
Batting: LHB Edelberto Barbas
|
0-0: Ground out 6-3 (Groundball, 6, EV 105.6 MPH)
|
Top of the 3rd over - 0 runs, 0 hits, 0 errors, 0 left on base; University of Virginia 0 - Arizona State University 0 |
BOTTOM OF THE 3RD |
Arizona State University Sun Devils batting - Pitching for University of Virginia Cavaliers : RHP Jayden Currie
|
Batting: LHB Burraga Iukini
|
0-0: Called Strike 0-1: Foul Ball, location: 2F 0-2: Ball 1-2: Strikes out swinging
|
Batting: RHB Carl Evans
|
0-0: Called Strike 0-1: Fly out, F7 (Flyball, 78D, EV 93.1 MPH)
|
Batting: LHB Timon Giorgiou
|
0-0: Called Strike 0-1: Ball 1-1: Ball 2-1: Ground out 6-3 (Groundball, 6M, EV 98.8 MPH)
|
Bottom of the 3rd over - 0 runs, 0 hits, 0 errors, 0 left on base; University of Virginia 0 - Arizona State University 0 |
TOP OF THE 4TH |
University of Virginia Cavaliers batting - Pitching for Arizona State University Sun Devils : LHP Jamie Treminio
|
Batting: LHB Alex Aguilar
|
0-0: Foul Ball, location: 2F 0-1: SOLO HOME RUN (Flyball, 89XD, EV 103.1 MPH), Distance : 406 ft
|
Batting: RHB Jose Velez
|
0-0: Called Strike 0-1: SINGLE (Line Drive, 89M, EV 101.2 MPH)
|
Batting: RHB Luke Bertrand
|
0-0: SINGLE (Line Drive, 9S, EV 86.9 MPH) Jose Velez to second Runner from 2nd tries for 3rd, SAFE, throw by RF made to third
|
Batting: LHB Josh Glass
|
0-0: Called Strike 0-1: Ball 1-1: Ball 2-1: Ball 3-1: Fly out, F8 (Flyball, 78D, EV 98.1 MPH) Runner from 3rd tags up, SCORES, throw by CF
|
Batting: RHB Nick Cech
|
0-0: Called Strike 0-1: Swinging Strike 0-2: Strikes out swinging
|
Batting: LHB Jason Chase
|
0-0: Called Strike 0-1: Ball 1-1: Foul Ball, location: 2F 1-2: Fielders Choice at 2nd, 6-4 (Groundball, 56, EV 86.2 MPH)
|
Top of the 4th over - 2 runs, 3 hits, 0 errors, 1 left on base; University of Virginia 2 - Arizona State University 0 |
BOTTOM OF THE 4TH |
Arizona State University Sun Devils batting - Pitching for University of Virginia Cavaliers : RHP Jayden Currie
|
Batting: LHB Eric Russell
|
0-0: Reaches on Catchers interference
|
Batting: RHB Rusty Gee
|
0-0: Ball Eric Russell steals 2nd base (no throw) 1-0: Ball 2-0: Called Strike 2-1: Ball Eric Russell is caught stealing 3rd base 2-5 3-1: Ground out 6-3 (Groundball, 6, EV 98.8 MPH)
|
Batting: LHB Randy Marquez
|
0-0: Fly out, F5 (Popup, 5SF, EV 76.2 MPH)
|
Bottom of the 4th over - 0 runs, 0 hits, 1 error, 0 left on base; University of Virginia 2 - Arizona State University 0 |
TOP OF THE 5TH |
University of Virginia Cavaliers batting - Pitching for Arizona State University Sun Devils : LHP Jamie Treminio
|
Batting: LHB Ray Nichter
|
0-0: Ball 1-0: Called Strike 1-1: Called Strike 1-2: Strikes out swinging
|
Batting: RHB Scott Anderson
|
0-0: Ball 1-0: Ball 2-0: Ball 3-0: Foul Ball, location: 2F 3-1: Ground out 6-3 (Groundball, 6, EV 77.5 MPH)
|
Batting: LHB Edelberto Barbas
|
0-0: Swinging Strike 0-1: Called Strike 0-2: SINGLE (Flyball, 8LS, EV 92.5 MPH)
|
Batting: LHB Alex Aguilar
|
0-0: Called Strike 0-1: Swinging Strike 0-2: Foul Ball, location: 2F 0-2: SINGLE (Flyball, 3D, EV 93.1 MPH) Edelberto Barbas to second Runner from 2nd tries for 3rd, SAFE, no throw by RF
|
Batting: RHB Jose Velez
|
0-0: Ball 1-0: Ball 2-0: Ball 3-0: Swinging Strike 3-1: Base on Balls Alex Aguilar to second
|
Batting: RHB Luke Bertrand
|
0-0: Called Strike 0-1: Called Strike 0-2: Ball 1-2: SINGLE (Groundball, 34D, EV 96.9 MPH) Edelberto Barbas scores Alex Aguilar to third Jose Velez to second
|
Pitching: RHP Jon Allen
|
|
Batting: LHB Josh Glass
|
0-0: Ball 1-0: Ball 2-0: Ball 3-0: Called Strike 3-1: Base on Balls Alex Aguilar scores Jose Velez to third Luke Bertrand to second
|
Batting: RHB Nick Cech
|
0-0: Called Strike 0-1: Ball 1-1: Swinging Strike 1-2: Strikes out swinging
|
Top of the 5th over - 2 runs, 3 hits, 0 errors, 3 left on base; University of Virginia 4 - Arizona State University 0 |
BOTTOM OF THE 5TH |
Arizona State University Sun Devils batting - Pitching for University of Virginia Cavaliers : RHP Jayden Currie
|
Batting: SHB Manny Aponte
|
0-0: Ball 1-0: Foul Ball, location: 2F 1-1: Ball 2-1: Ball 3-1: Base on Balls
|
Batting: RHB John Burgis
|
0-0: Ball 1-0: Swinging Strike 1-1: Called Strike 1-2: Ball 2-2: Ball 3-2: Fielders Choice at 2nd, 4-6 (Groundball, 34D, EV 86.2 MPH)
|
Batting: LHB Dustin Gill
|
0-0: Ball 1-0: Ball 2-0: DOUBLE (Line Drive, 7LS, EV 109.4 MPH) John Burgis to third Runner from 3rd tries for Home, SAFE, throw by LF to home
|
Batting: LHB Burraga Iukini
|
0-0: Ball 1-0: Foul Ball, location: 2F 1-1: Ball Passed Ball! Dustin Gill to third 2-1: Ball 3-1: Foul Ball, location: 2F 3-2: Base on Balls
|
Batting: RHB Carl Evans
|
0-0: Ball 1-0: Called Strike 1-1: Fielders Choice at 2nd, 1-6 (Groundball, 34S, EV 65.6 MPH)
|
Batting: LHB Timon Giorgiou
|
0-0: Ball 1-0: Ball 2-0: Foul Ball, location: 2F 2-1: Ball 3-1: SINGLE (Groundball, 6, EV 97.5 MPH) Dustin Gill scores Carl Evans to second
|
Batting: LHB Eric Russell
|
0-0: Fly out, F8 (Line Drive, 8LM, EV 99.4 MPH)
|
Bottom of the 5th over - 2 runs, 2 hits, 0 errors, 2 left on base; University of Virginia 4 - Arizona State University 2 |
TOP OF THE 6TH |
University of Virginia Cavaliers batting - Pitching for Arizona State University Sun Devils : RHP Jon Allen
|
Batting: LHB Jason Chase
|
0-0: Ball 1-0: Foul Ball, location: 2F 1-1: Ball 2-1: Fly out, F9 (Flyball, 9S, EV 96.2 MPH)
|
Batting: LHB Ray Nichter
|
0-0: Called Strike 0-1: Ball 1-1: Foul Ball, location: 2F 1-2: SINGLE (Groundball, 25, EV 77.5 MPH) (infield hit)
|
Batting: RHB Scott Anderson
|
0-0: Ball Ray Nichter is caught stealing 2nd base 2-4 1-0: Ball 2-0: Ball 3-0: Called Strike 3-1: Called Strike 3-2: Base on Balls
|
Batting: LHB Edelberto Barbas
|
0-0: Called Strike 0-1: Ball 1-1: Fly out, F9 (Flyball, 9S, EV 72.5 MPH)
|
Top of the 6th over - 0 runs, 1 hit, 0 errors, 1 left on base; University of Virginia 4 - Arizona State University 2 |
BOTTOM OF THE 6TH |
Arizona State University Sun Devils batting - Pitching for University of Virginia Cavaliers : RHP Jayden Currie
|
Batting: RHB Rusty Gee
|
0-0: Called Strike 0-1: Ball 1-1: Ball 2-1: Called Strike 2-2: Ball 3-2: Foul Ball, location: 2F 3-2: Foul Ball, location: 2F 3-2: SINGLE (Groundball, 56, EV 103.8 MPH)
|
Pitching: RHP Brian Ryan
|
|
Batting: LHB Randy Marquez
|
0-0: Ball 1-0: Ball 2-0: Ball 3-0: Base on Balls Rusty Gee to second
|
Batting: SHB Manny Aponte
|
0-0: Ball 1-0: Foul Ball, location: 2F 1-1: Fielders Choice at 2nd, 4-6 (Groundball, 4, EV 84.4 MPH) Rusty Gee to third
|
Batting: RHB John Burgis
|
0-0: Ball 1-0: Fly out, F7 (Flyball, 7, EV 83.1 MPH) Runner from 3rd tags up, SCORES, throw by LF
|
Batting: LHB Dustin Gill
|
0-0: Ball 1-0: Called Strike 1-1: Ball 2-1: SINGLE (Line Drive, 89M, EV 105.6 MPH) Manny Aponte to second
|
Batting: LHB Burraga Iukini
|
0-0: Swinging Strike 0-1: Ball 1-1: Ball 2-1: Ball 3-1: SINGLE (Groundball, 5D, EV 102.5 MPH) Manny Aponte to third Dustin Gill to second Runner from 3rd tries for Home, throw by LF and OUT! 7-2
|
Bottom of the 6th over - 1 run, 3 hits, 0 errors, 2 left on base; University of Virginia 4 - Arizona State University 3 |
TOP OF THE 7TH |
University of Virginia Cavaliers batting - Pitching for Arizona State University Sun Devils : RHP Jon Allen
|
Batting: LHB Alex Aguilar
|
0-0: Ball 1-0: Called Strike 1-1: SINGLE (Groundball, 34D, EV 101.2 MPH)
|
Batting: RHB Jose Velez
|
0-0: Foul Ball, location: 2F 0-1: Ball 1-1: Swinging Strike 1-2: Ball 2-2: Foul Ball, location: 2F 2-2: Strikes out looking
|
Batting: RHB Luke Bertrand
|
0-0: Ball 1-0: Called Strike 1-1: Foul Ball, location: 2F 1-2: Strikes out swinging
|
Batting: LHB Josh Glass
|
0-0: SINGLE (Groundball, 34D, EV 102.5 MPH) Alex Aguilar to second Runner from 2nd tries for 3rd, SAFE, throw by RF made to third
|
Batting: RHB Nick Cech
|
0-0: Ball Wild Pitch! Alex Aguilar scores Josh Glass to second 1-0: Called Strike 1-1: Called Strike 1-2: Ball 2-2: Ball 3-2: Foul Ball, location: 2F 3-2: Base on Balls
|
Batting: LHB Jason Chase
|
0-0: Ball Wild Pitch! Josh Glass to third Nick Cech to second 1-0: Called Strike 1-1: Ball 2-1: Foul Ball, location: 2F 2-2: Ball 3-2: SINGLE (Line Drive, 34D, EV 98.8 MPH) Josh Glass scores Nick Cech to third
|
Batting: LHB Ray Nichter
|
0-0: Ball 1-0: Ball 2-0: Foul Ball, location: 2F 2-1: Foul Ball, location: 2F 2-2: Hit by Pitch Jason Chase to second
|
Batting: RHB Scott Anderson
|
0-0: Ball 1-0: Ball 2-0: Called Strike 2-1: Ball 3-1: Called Strike 3-2: SINGLE (Groundball, 6M, EV 94.4 MPH) Nick Cech scores Jason Chase to third Ray Nichter to second Jason Chase scores Ray Nichter to third
|
Pitching: LHP Jeremiah Brown
|
|
Batting: LHB Edelberto Barbas
|
0-0: Ball Scott Anderson is caught stealing 2nd base 2-6
|
Top of the 7th over - 4 runs, 4 hits, 0 errors, 1 left on base; University of Virginia 8 - Arizona State University 3 |
BOTTOM OF THE 7TH |
Arizona State University Sun Devils batting - Pitching for University of Virginia Cavaliers : RHP Brian Ryan
|
Batting: RHB Carl Evans
|
0-0: Called Strike 0-1: Swinging Strike 0-2: Strikes out swinging
|
Batting: LHB Timon Giorgiou
|
0-0: Ball 1-0: Swinging Strike 1-1: Foul Ball, location: 2F 1-2: Strikes out looking
|
Batting: LHB Eric Russell
|
0-0: Ball 1-0: Swinging Strike 1-1: Ball 2-1: Swinging Strike 2-2: Foul Ball, location: 2F 2-2: Foul Ball, location: 2F 2-2: Foul Ball, location: 2F 2-2: Ground out 6-3 (Groundball, 6D, EV 99.4 MPH)
|
Bottom of the 7th over - 0 runs, 0 hits, 0 errors, 0 left on base; University of Virginia 8 - Arizona State University 3 |
TOP OF THE 8TH |
University of Virginia Cavaliers batting - Pitching for Arizona State University Sun Devils : LHP Jeremiah Brown
|
Batting: LHB Edelberto Barbas
|
0-0: Ball 1-0: Foul Ball, location: 2F 1-1: Ball 2-1: Ground out 6-3 (Groundball, 6D, EV 105.0 MPH)
|
Batting: LHB Alex Aguilar
|
0-0: Ball 1-0: Ball 2-0: Ball 3-0: Base on Balls
|
Batting: RHB Jose Velez
|
0-0: Ball 1-0: Foul Ball, location: 2F 1-1: Fielders Choice at 2nd, 3-6 (Groundball, 3S, EV 89.4 MPH)
|
Batting: RHB Luke Bertrand
|
0-0: Ball 1-0: Called Strike 1-1: Ball 2-1: Ball 3-1: Base on Balls Jose Velez to second
|
Batting: LHB Josh Glass
|
0-0: Called Strike 0-1: Swinging Strike 0-2: Ball 1-2: Ball 2-2: Strikes out swinging
|
Top of the 8th over - 0 runs, 0 hits, 0 errors, 2 left on base; University of Virginia 8 - Arizona State University 3 |
BOTTOM OF THE 8TH |
Arizona State University Sun Devils batting - Pitching for University of Virginia Cavaliers : RHP Brian Ryan
|
Batting: RHB Rusty Gee
|
0-0: Called Strike 0-1: Foul Ball, location: 2F 0-2: Ground out 5-3 (Groundball, 56, EV 79.4 MPH)
|
Batting: LHB Randy Marquez
|
0-0: Ball 1-0: Ball 2-0: Ball 3-0: Called Strike 3-1: Fly out, F7 (Flyball, 78D, EV 85.0 MPH)
|
Pitching: RHP Joe Miller
|
|
Batting: SHB Manny Aponte
|
0-0: Ball 1-0: Called Strike 1-1: Ball 2-1: Called Strike 2-2: Strikes out looking
|
Bottom of the 8th over - 0 runs, 0 hits, 0 errors, 0 left on base; University of Virginia 8 - Arizona State University 3 |
TOP OF THE 9TH |
University of Virginia Cavaliers batting - Pitching for Arizona State University Sun Devils : LHP Jeremiah Brown
|
Batting: RHB Nick Cech
|
0-0: Ball 1-0: Foul Ball, location: 2F 1-1: Ground out 6-3 (Groundball, 6, EV 85.0 MPH)
|
Batting: LHB Jason Chase
|
0-0: Reached on error, E3 (Groundball, 13, EV 88.1 MPH)
|
Batting: LHB Ray Nichter
|
0-0: Ball 1-0: Ball 2-0: Ball 3-0: Foul Ball, location: 2F 3-1: Base on Balls Jason Chase to second
|
Pitching: RHP Josh Wolford
|
|
Batting: RHB Scott Anderson
|
0-0: Ball 1-0: SINGLE (Line Drive, 7LS, EV 93.8 MPH) Jason Chase to third Ray Nichter to second
|
Batting: LHB Edelberto Barbas
|
0-0: Ball 1-0: Called Strike 1-1: Fielders Choice at 2nd, 3-6 (Groundball, 34, EV 85.0 MPH) Jason Chase scores Ray Nichter to third
|
Batting: LHB Alex Aguilar
|
0-0: Called Strike 0-1: Foul Ball, location: 2F 0-2: Ball 1-2: Ball Wild Pitch! Ray Nichter scores Edelberto Barbas to second 2-2: Ground out 4-3 (Groundball, 4, EV 82.5 MPH)
|
Top of the 9th over - 2 runs, 1 hit, 1 error, 1 left on base; University of Virginia 10 - Arizona State University 3 |
BOTTOM OF THE 9TH |
Arizona State University Sun Devils batting - Pitching for University of Virginia Cavaliers : RHP Joe Miller
|
Batting: RHB John Burgis
|
0-0: Called Strike 0-1: Ball 1-1: Ball 2-1: Called Strike 2-2: Ball 3-2: Foul Ball, location: 2F 3-2: Ground out 5-3 (Groundball, 56, EV 78.8 MPH)
|
Batting: LHB Dustin Gill
|
0-0: Called Strike 0-1: Ball 1-1: Fly out, F8 (Line Drive, 78M, EV 87.5 MPH)
|
Batting: LHB Burraga Iukini
|
0-0: Called Strike 0-1: Called Strike 0-2: Ball 1-2: Strikes out swinging, 2-3 out at first.
|
Bottom of the 9th over - 0 runs, 0 hits, 0 errors, 0 left on base; University of Virginia 10 - Arizona State University 3 |
|